 Dungeon Crawl Stone Soup version 0.22.1-1-ga44c0e5 (webtiles) character file.

501 delarado the Firebug (level 6, 0/32 HPs)
             Began as a Deep Elf Fire Elementalist on Nov 7, 2018.
             Shot with an arrow by a centaur (13 damage)
             ... on level 5 of the Dungeon.
             The game lasted 00:16:25 (5362 turns).

delarado the Firebug (Deep Elf Fire Elementalist)   Turns: 5362, Time: 00:16:25

Health: 0/32       AC:  4    Str:  5    XL:     6   Next: 95%
Magic:  10/12      EV: 13    Int: 22    God:
Gold:   129        SH:  0    Dex: 15    Spells: 4/11 levels left

rFire    . . .     SeeInvis .   m - +2 dagger (speed)
rCold    . . .     Gourm    .   (no shield)
rNeg     . . .     Faith    .   a - +0 robe
rPois    .         Spirit   .   (no helmet)
rElec    .         Reflect  .   l - +0 cloak
rCorr    .         Harm     .   (no gloves)
MR       +....                  h - +0 pair of boots (curse)
Stlth    ++........             (no amulet)
HPRegen  0.10/turn              r - ring of protection from magic
MPRegen  0.13/turn              (no ring)

@: no status effects
A: no striking features
a: no special abilities


You were on level 5 of the Dungeon.
You were not hungry.

You visited 1 branch of the dungeon, and saw 5 of its levels.

You collected 129 gold pieces.

Inventory:

Hand Weapons
 g - a +0 club
 j - a +0 dagger
 m - a +2 dagger of speed (weapon)
Missiles
 f - 94 stones
 i - 3 curare-tipped needles
 o - 4 tomahawks
 t - 3 tomahawks of returning (quivered)
Armour
 a - a +0 robe (worn)
 h - a cursed +0 pair of boots (worn)
 l - a +0 cloak (worn)
Jewellery
 n - an uncursed amulet of guardian spirit
 r - a ring of protection from magic (left hand)
Wands
 v - a wand of digging (13)
Scrolls
 b - 4 scrolls of remove curse {unknown}
 d - 4 scrolls of fear
 e - 6 scrolls of identify
 k - 2 scrolls of blinking {unknown}
 q - a scroll of enchant weapon {unknown}
 s - a scroll of fog {unknown}
 u - a scroll of immolation {unknown}
Potions
 p - 2 potions of curing
Comestibles
 c - 5 rations


   Skills:
 - Level 2.4 Dodging
 - Level 2.4 Stealth
 - Level 3.0 Spellcasting
 + Level 5.6 Conjurations
 + Level 6.5 Fire Magic


You had 4 spell levels left.
You knew the following spells:

 Your Spells              Type           Power        Failure   Level  Hunger
a - Flame Tongue          Conj/Fire      ####.        1%          1    None
b - Throw Flame           Conj/Fire      ####..       1%          2    ##.....
c - Sticky Flame          Conj/Fire      ####....     10%         4    ####...

Your spell library contained the following spells:

 Spells                   Type           Power        Failure   Level  Hunger
 Conjure Flame            Conj/Fire      ####....     3%          3    ###....
 Inner Flame              Hex/Fire       ###.....     10%         3    ###....
 Fireball                 Conj/Fire      ####......   28%         5    ######.


Dungeon Overview and Level Annotations

Branches:
Dungeon (5/15)
 Temple: D:4-7

Altars:
Hepliaklqana
Trog
Uskayaw
Zin

Annotations:
D:2 Sigmund
D:4 exclusion: downstairs
D:5 Dowan, Duvessa


Message History

A hound comes into view.
The centaur shoots an arrow.
The arrow misses you.
You hear a shout!
You see here 2 arrows.
Casting: Throw Flame (safe; 1% risk of failure)
Confirm with . or Enter, or press ? or * to list all spells.
Aiming: Throw Flame (safe; 1% risk of failure)
Press: ? - help, Shift-Dir - straight line, f - centaur
Aim: a centaur, wielding a shortbow The puff of flame hits the centaur.
The centaur is heavily wounded.
The hound barks!
Dowan, Brother of Duvessa comes into view.
He is wielding a dagger.
The centaur shoots an arrow.
The arrow hits you!
Okay, then.
As you read the scroll labeled QYOG EFEMU, it crumbles to dust.
It is a scroll of identify.
d - 4 scrolls of fear The centaur shoots an arrow.
The arrow hits you!
You die...

.# #..).# .# #....
.... .# #.รท.#
.....c.. .# #...#
#....e. .####...#
##.h...# ...##.<.#
##......# ........#
###....... ###.....##
####......... #
###....###....@.....#
# ##........####...<#
##.....### #....#
##.#### #......# #.#
#.......# ###
..........
....>.....#
##...[.....
##......[.#


You could see Dowan, a centaur and a hound.

Vanquished Creatures
  Prince Ribbit (D:5)
  An ogre (D:4)
  Blork the orc (D:4)
  2 worker ants
  3 adders
  2 oozes
  2 worms (D:2)
  4 leopard geckos
  9 orcs
  8 giant cockroaches
  5 hobgoblins
  8 kobolds
  3 quokkas
  A ball python (D:1)
  5 bats
  6 goblins
  A leopard gecko skeleton (D:4)
  6 rats
68 creatures vanquished.

Notes
Turn   | Place    | Note
-------+----------+-------------------------------------------
     0 | D:1      | delarado the Deep Elf Fire Elementalist began the quest for
                  | the Orb.
     0 | D:1      | Reached XP level 1. HP: 10/10 MP: 6/6
   455 | D:1      | Reached XP level 2. HP: 15/15 MP: 6/8
   459 | D:1      | Learned a level 2 spell: Throw Flame
   821 | D:1      | Reached skill level 4 in Fire Magic
   988 | D:1      | Reached XP level 3. HP: 16/19 MP: 0/9
  1708 | D:2      | Noticed Sigmund
  2021 | D:2      | Found a hazy altar of Hepliaklqana.
  2093 | D:2      | Noticed a phantom
  2290 | D:3      | Found a hide-covered altar of Uskayaw.
  2293 | D:3      | Noticed a dagger
  2293 | D:3      | Noticed a dagger
  3008 | D:3      | Reached XP level 4. HP: 24/24 MP: 5/10
  3427 | D:3      | Found a glowing silver altar of Zin.
  3652 | D:4      | Found a bloodstained altar of Trog.
  3903 | D:4      | Reached skill level 5 in Fire Magic
  3972 | D:4      | Learned a level 4 spell: Sticky Flame
  4026 | D:4      | Reached XP level 5. HP: 28/28 MP: 8/11
  4125 | D:4      | Noticed Blork the orc
  4144 | D:4      | Killed Blork the orc
  4237 | D:4      | Noticed an ogre
  4248 | D:4      | Killed an ogre
  4248 | D:4      | Reached XP level 6. HP: 28/32 MP: 0/12
  4853 | D:5      | Entered Level 5 of the Dungeon
  4853 | D:5      | Noticed Duvessa
  4915 | D:5      | Noticed Prince Ribbit
  4933 | D:5      | Killed Prince Ribbit
  4933 | D:5      | Reached skill level 5 in Conjurations
  4933 | D:5      | Reached skill level 6 in Fire Magic
  5361 | D:5      | Noticed Dowan
  5362 | D:5      | Shot with an arrow by a centaur

Skill      XL: |  1  2  3  4  5  6 |
---------------+-------------------+-----
Conjurations   | 2 3 4 5 |  5.6
Fire Magic     | 4 5 6 |  6.5
Dodging        | |  2.4
Stealth        | |  2.4
Spellcasting   | |  3.0

Action                   |  1- 3 |  4- 6 || total
-------------------------+-------+-------++-------
Melee: Dagger            |    24 |    16 ||    40
Throw: Stone             |    20 |       ||    20
       Tomahawk          |       |     2 ||     2
 Cast: Flame Tongue      |    41 |     3 ||    44
       Throw Flame       |    47 |    46 ||    93
       Sticky Flame      |       |     3 ||     3
  Use: Potion            |     2 |     2 ||     4
       Scroll            |       |     1 ||     1
  Eat: Chunk             |     5 |     9 ||    14
       Ration            |     1 |       ||     1
Armor: Robe              |     9 |       ||     9
Dodge: Dodged            |    29 |    17 ||    46
